 Dungeon Crawl Stone Soup version 0.29.1-4-g47bece8355 (webtiles) character file.

Game seed: 2052441775383672691

343 javelincjr the Magician (level 6, -9/40 HPs)
             Began as a Djinni Conjurer on Dec 9, 2022.
             Mangled by a bog mummy (15 damage)
             ... in an ossuary.
             The game lasted 00:26:45 (3295 turns).

javelincjr the Magician (Djinni Conjurer)           Turns: 3295, Time: 00:26:47

Health: -9/40      AC:  3    Str:  6    XL:     6   Next: 88%
Gold:   176        EV: 12    Int: 22    God:
                   SH:  0    Dex: 11

rFire   + + .      SeeInvis .   t - +1 dagger (speed)
rCold   x . .      Faith    .   (no shield)
rNeg    . . .      Spirit   .   a - +1 robe
rPois   ∞          Reflect  .   (no helmet)
rElec   .          Harm     .   (no cloak)
rCorr   .          Rampage  .   (no gloves)
Will    .....                   (boots unavailable)
Stlth   ++........              (no amulet)
HPRegen 0.13/turn               (no ring)
MPRegen 0.00/turn               (no ring)

@: flying
A: sickness immunity, fire resistance 2, cold vulnerability 1, float, innate
caster, HP casting, extra vitality 1
a: no special abilities


You were in an ossuary.
You visited 1 branch of the dungeon, and saw 4 of its levels.
You also visited: Ossuary.

You collected 176 gold pieces.

Inventory:

Hand Weapons
 b - a +0 short sword
 f - a +0 sling
 i - a +1 dagger of draining
 t - a +1 dagger of speed (weapon)
Missiles
 c - 36 stones
 m - 8 poisoned darts
Armour
 a - a +1 robe (worn)
Wands
 r - a wand of charming (5)
Scrolls
 d - a scroll of torment
 e - 5 scrolls of identify
 g - 2 scrolls of noise
 j - a scroll of vulnerability
 l - 2 scrolls of teleportation
 p - a scroll of enchant armour
Potions
 h - 2 potions of flight {unknown}
 k - a potion of heal wounds
 n - 3 potions of attraction {unknown}
 o - a potion of lignification {unknown}
 q - a potion of might {unknown}
 s - a potion of degeneration {unknown}


   Skills:
 + Level 1.0 Short Blades
 + Level 2.5 Dodging
 + Level 2.5 Stealth
 + Level 5.5 Spellcasting


You couldn't memorise any spells.
You knew the following spells:

 Your Spells              Type           Power      Damage    Failure   Level
a - Magic Dart            Conj           100%       1d8       1%          1
b - Searing Ray           Conj           60%        2d6       1%          2
c - Dazzling Flash        Conj/Hex       60%        N/A       3%          3
d - Fulminant Prism       Conj/Hex       15%        3d11      10%         4
e - Iskenderun's Mystic   Conj/Tloc      30%        2d8       10%         4
f - Sting                 Tmut/Pois      100%       1d8       1%          1
g - Static Discharge      Conj/Air       30%        3-7/arc   1%          2
Your spell library was empty.

Dungeon Overview and Level Annotations

Branches:
Dungeon (4/15)            Ossuary (1/1)
 Temple: D:4-7

Altars:

Shops:
D:1 (   D:2 ?((   D:3 =


Innate Abilities, Weirdness & Mutations

You are immune to sickness and miasma.
You are immune to poison.
Your flesh is very heat resistant. (rF++)
You are vulnerable to cold. (rC-)
You float through the air rather than walking.
You learn spells naturally, not from books.
Your magical power is your life essence.
You have superior vitality. (+4 MHP)


Message History

You hear a splashing noise.
Casting: Searing Ray (safe; 1% risk of failure)
Confirm with . or Enter, or press ? or * to list all spells.
Aiming: Searing Ray (safe; 1% risk of failure)
Press: ? - help, Shift-Dir - straight line, f/p - mummy
Aim: a mummy (almost destroyed, 90% to hit)
The searing ray hits the mummy.
You destroy the mummy! (Press . to maintain the ray.)
Your hands tingle!
t - a +1 dagger of speed (weapon)
You reach down and open the door.
A bog mummy and a centaur zombie come into view.
Casting: Searing Ray (safe; 1% risk of failure)
Confirm with . or Enter, or press ? or * to list all spells.
Aiming: Searing Ray (safe; 1% risk of failure)
Press: ? - help, Shift-Dir - straight line, f - bog mummy
Aim: a bog mummy (90% to hit)
The searing ray hits the bog mummy.
The bog mummy is moderately damaged.
The searing ray hits the centaur zombie.
The centaur zombie is lightly damaged. (Press . to maintain the ray.)
The searing ray hits the bog mummy.
The bog mummy is heavily damaged.
The searing ray hits the centaur zombie.
The centaur zombie is moderately damaged.
The searing ray hits the bog mummy.
The bog mummy is severely damaged.
The searing ray hits the centaur zombie!
The centaur zombie is heavily damaged.
The bog mummy hits you!
* * * LOW HITPOINT WARNING * * *
The searing ray misses the bog mummy.
The searing ray hits the centaur zombie!
The centaur zombie is severely damaged.
* * * LOW HITPOINT WARNING * * *
You finish channelling your searing ray.
The bog mummy hits you!
You die...

## # # ≈# ≈###
≈≈####~##~~#
##≈≈~P#P#Z≈
#≈~~~~~.#M#+#'#+#
#...~~~@~....~~
###.##~##+##+##
.. #...# ≈≈#
#.∩.# ≈# #..∩#
#####


You could see a bog mummy and a centaur zombie.

Vanquished Creatures
  A phantom (D:2)
  A howler monkey (D:3)
  3 mummies (Ossuary)
  4 gnolls (D:2)
  8 adders
  6 orcs
  3 bats
  7 endoplasms
  A giant cockroach (D:2)
  7 goblins
  3 hobgoblins
  4 jackals (D:3)
  5 kobolds
  3 ball pythons
  5 frilled lizards
  4 rats
65 creatures vanquished.

Vanquished Creatures (others)
  2 fulminant prisms (D:2)
  2 withered plants (Ossuary)
4 creatures vanquished.

Grand Total: 69 creatures vanquished

Notes
Turn   | Place    | Note
-------+----------+-------------------------------------------
     0 | D:1      | javelincjr the Djinni Conjurer began the quest for the Orb.
     0 | D:1      | javelincjr set off with the following spells memorised:
                  | Magic Dart, Searing Ray, Dazzling Flash, Fulminant Prism,
                  | Iskenderun's Mystic Blast.
     0 | D:1      | Reached XP level 1. HP: 15/15 MP: 0/0
   201 | D:1      | Found Peexzeub's Weapon Emporium.
   288 | D:1      | Found a faded altar of an unknown god.
   711 | D:1      | Reached XP level 2. HP: 16/21 MP: 0/0
  1128 | D:2      | Reached XP level 3. HP: 21/25 MP: 0/0
  1128 | D:2      | Learned a level 1 spell: Sting
  1237 | D:2      | Found Sudunk's Weapon Emporium.
  1263 | D:2      | Found Olemn's Weapon Shoppe.
  1271 | D:2      | Found Heysov's Magic Scroll Emporium.
  1400 | D:2      | Noticed a phantom
  1409 | D:2      | Killed a phantom
  1410 | D:2      | Reached skill level 4 in Spellcasting
  1410 | D:2      | Reached XP level 4. HP: 14/31 MP: 0/0
  1410 | D:2      | Reached XP level 5. HP: 15/35 MP: 0/0
  1410 | D:2      | Learned a level 2 spell: Static Discharge
  2490 | D:3      | Found Qaidd's Jewellery Emporium.
  2509 | D:3      | Reached skill level 5 in Spellcasting
  2509 | D:3      | Reached XP level 6. HP: 35/40 MP: 0/0
  3264 | D:4      | Found a sand-covered staircase.
  3271 | Ossuary  | Entered an ossuary
  3281 | Ossuary  | Reached skill level 1 in Short Blades
  3295 | Ossuary  | Mangled by a bog mummy

Illustrated notes

Levels and vault maps discovered:
D:1:      dpeg_arrival_arbitrary_b, layout_rooms,
          chequers_ecumenical_altar_twisty, serial_shops,
          nicolae_shop_hallway_stairs
D:2:      layout_rooms, serial_shops, shop, shop_statue, shop,
          minmay_tetromino_o4
D:3:      layout_loops_ring, serial_shops, shop, eino_curves_03, minivault_26,
          minmay_statues_item
D:4:      layout_loops_ring, gup_sewer_entry_spiral,
          nicolae_ossuary_entry_ruins, roderic_nine_men_s_morris
Ossuary:  ossuary_zaba_flooded

Skill      XL: |  1  2  3  4  5  6 |
---------------+-------------------+-----
Stealth        | 2 |  2.5
Spellcasting   | 4 5 |  5.5
Short Blades   | 1 |  1.0
Dodging        | |  2.5

Action                   |  1- 3 |  4- 6 || total
-------------------------+-------+-------++-------
Melee: Short sword       |     4 |       ||     4
       Dagger            |     1 |     6 ||     7
 Cast: Magic Dart        |    23 |    20 ||    43
       Searing Ray       |     8 |    24 ||    32
       Fulminant Prism   |       |     2 ||     2
  Use: Scroll            |       |     8 ||     8
 Stab: Sleeping          |       |     1 ||     1
Armor: Robe              |     2 |     1 ||     3
Dodge: Dodged            |    11 |     6 ||    17
